[Event "Late-Titled-Tuesday-Blitz-May-14-2024"]
[Site "Chess.com"]
[Date "2024.05.14"]
[Round "2"]
[White "GMthekingindian"]
[Black "EsmeraldasAnderson03"]
[Result "1/2-1/2"]
[WhiteElo "2298"]
[BlackElo "2511"]
[TimeControl "180+1"]
[EndTime "14:21:49 PDT"]
[Termination "Game drawn by 50-move rule"]

1. d4 d5 2. Nf3 Nf6 3. g3 c5 4. Bg2 cxd4 5. O-O h6 6. b3 e6 7. Nxd4 e5 8. Nf3 Nc6 9. Bb2 Bd6 10. c4 dxc4 11. bxc4 Be6 12. Qa4 O-O 13. Rd1 Qc7 14. Nc3 a6 15. Nd5 Bxd5 16. cxd5 Nb4 17. Rac1 Qe7 18. Nxe5 b5 19. Qb3 Bxe5 20. Bxe5 Qxe5 21.
Qxb4 Qxe2 22. d6 Rad8 23. a4 bxa4 24. Qxa4 Ng4 25. Qd4 Nf6 26. Bf1 Qf3 27. Bxa6 Ra8 28. Bf1 Ra2 29. Bg2 Qf5 30. Rd2 Rxd2 31. Qxd2 Rd8 32.
Rd1 Ng4 33. Bh3 h5 34. Bxg4 hxg4 35. Qd5 Qd7 36. Qd4 Qe6 37. d7 Kf8 38. Rd2 Qe1+ 39. Kg2 Qe6 40. Rd3 Kg8 41. Qd5 Qe2 42. Qd4 Qe7 43.
Qd5 g6 44. Re3 Qxd7 45. Qxd7 Rxd7 46. Re4 f5 47. Rf4 Kg7 48. Rc4 Kf6 49. Rc2 Kg5 50.
h3 Rd3 51. hxg4 Kxg4 52. Ra2 Rd4 53. Ra3 Kg5 54. Ra2 Rd3 55. Rb2 Rc3 56. Ra2 Rb3 57. Rc2 f4 58. gxf4+ Kxf4 59. Rc4+ Kg5 60. Rc5+ Kh4 61.
Rc4+ Kh5 62. Rc5+ g5 63. Rc4 Rb8 64. Rd4 Rb5 65. Re4 Kg6 66. Rd4 Kf5 67. Rc4 Rd5 68. Ra4 g4 69. Rb4 Kg5 70. Rc4 Kh4 71. Rb4 Rd2 72. Rb8 Kg5 73. Rg8+ Kf4 74. Rf8+ Ke4 75.
Re8+ Kf5 76. Rf8+ Ke5 77. Kg3 Rd4 78. Rg8 Kf5 79. Rf8+ Kg5 80. Rg8+ Kh5 81. Rh8+ Kg6 82. Re8 Kf5 83. Rf8+ Ke5 84. Rf7 Rd3+ 85. Kg2 Rd2 86. Rf8 g3 87. Re8+ Kf4 88. Rf8+ Ke4 89. Re8+ Kf4 90.
Rf8+ Ke5 91. Re8+ Kf6 92. Rf8+ Kg7 93. Rf4 gxf2 94. Rxf2 Rd1 95. Rf3 Kg6 96. Rg3+ Kf5 97. Rb3 Rd2+ 98. Kf3 Rd5 99. Re3 Rd4 100. Re2 Rh4 101. Ke3 Rh3+ 102. Kd4 Kf4 103. Rf2+ Kg3 104. Rd2 Rh8 105. Re2 Kf3 106. Re6 Rd8+ 107. Ke5 Rd1 108. Rf6+ Ke3 109. Re6 Ra1 110. Kd5+ Kd3 111. Rd6 Ra5+ 112. Ke6+ Ke4 113. Rc6 Rh5 114. Rc4+ Kd3 115. Rc6 Kd4 116. Rd6+ Ke4 117. Kd7 Ke5 118. Re6+ Kf5 119. Rd6 Rh7+ 120. Kc6 Ke5 121. Rd5+ Ke4 122. Rd6 Rh8 123. Rd7 Rc8+ 124. Kd6 Rc3 125. Re7+ Kf5 126. Rf7+ Kg6 127. Re7 Kf6 128. Re6+ Kf7 129. Re7+ Kf8 130. Re6 Rd3+ 131. Ke5 Kf7 132. Rf6+ Kg7 133. Re6 Rd1 134. Rd6 Re1+ 135. Kd5 Kf7 136. Kc5 Rc1+ 137. Kd5 Rc2 138. Rc6 Rd2+ 139. Kc5 Ke7 140. Rc7+ Ke6 141. Rc6+ Ke5 142. Kb6 Rd7 143. Rc7 Rd1 144. Rc5+ 1/2-1/2

[Event "Late-Titled-Tuesday-Blitz-May-14-2024"]
[Site "Chess.com"]
[Date "2024.05.14"]
[Round "3"]
[White "AccioChess"]
[Black "MKlose11"]
[Result "1-0"]
[WhiteElo "2464"]
[BlackElo "2622"]
[TimeControl "180+1"]
[EndTime "14:24:19 PDT"]
[Termination "AccioChess won by resignation"]

1. e4 e6 2. d4 d5 3. Nd2 Be7 4. Ngf3 Nf6 5. e5 Nfd7 6. Bd3 c5 7. c3 Nc6 8. O-O a5 9. Re1 cxd4 10. cxd4 Qb6 11.
Qa4 Qb4 12. Qxb4 Nxb4 13. Bb1 b6 14. a3 Nc6 15. b3 Ba6 16. Bb2 O-O 17. Bc2 Rfc8 18.
Rac1 h6 19. h4 Rc7 20. Re3 Rac8 21. Rc3 Na7 22. Rxc7 Rxc7 23. Bh7+ Kxh7 24. Rxc7 1-0

[Event "Late-Titled-Tuesday-Blitz-May-14-2024"]
[Site "Chess.com"]
[Date "2024.05.14"]
[Round "3"]
[White "guineo59"]
[Black "SpeedofLight0"]
[Result "0-1"]
[WhiteElo "2218"]
[BlackElo "3008"]
[TimeControl "180+1"]
[EndTime "14:24:42 PDT"]
[Termination "SpeedofLight0 won by resignation"]

1. d4 Nf6 2. Nf3 g6 3. c4 d6 4. Nc3 Bd7 5. e4 Nc6 6. d5 Nb8 7. Bd3 Bg7 8. O-O O-O 9. Re1 Bg4 10. h3 Bxf3 11. Qxf3 a5 12. Be3 Na6 13. Rad1 Nd7 14. Qe2 c6 15. f4 Qc7 16. Rc1 Nac5 17. Bc2 a4 18. Bf2 a3 19. Bb3 axb2 20. Qxb2 Nd3 21. Qd2 Nxc1 22. Rxc1 Nc5 23. Bc2 Ra3 24. Bb1 Qa5 0-1

[Event "Late-Titled-Tuesday-Blitz-May-14-2024"]
[Site "Chess.com"]
[Date "2024.05.14"]
[Round "3"]
[White "ChristopherYoo"]
[Black "Yaacovn"]
[Result "1-0"]
[WhiteElo "3006"]
[BlackElo "2765"]
[TimeControl "180+1"]
[EndTime "14:24:45 PDT"]
[Termination "ChristopherYoo won by checkmate"]

1. e4 c6 2. Nf3 d5 3. Nc3 dxe4 4. Nxe4 Nf6 5. Ng3 h5 6. Bc4 h4 7. Ne2 h3 8. g3 Nbd7 9. O-O e6 10. Nf4 b5 11. Bxe6 fxe6 12. Nxe6 Qb6 13. Re1 Kf7 14.
d4 Bd6 15. Qd3 Re8 16. Neg5+ Kf8 17. Rxe8+ Nxe8 18. Qg6 Ke7 19. Qf7+ Kd8 20. Ne6# 1-0

[Event "Late-Titled-Tuesday-Blitz-May-14-2024"]
[Site "Chess.com"]
[Date "2024.05.14"]
[Round "3"]
[White "cukricek"]
[Black "Bykov_Egor"]
[Result "0-1"]
[WhiteElo "2447"]
[BlackElo "2637"]
[TimeControl "180+1"]
[EndTime "14:24:45 PDT"]
[Termination "Bykov_Egor won by resignation"]

1. g3 Nf6 2. Bg2 g6 3. Nf3 Bg7 4. O-O O-O 5. c4 d6 6. Nc3 Nc6 7. Rb1 e5 8. b4 Be6 9. d3 h6 10.
b5 Ne7 11. a4 Qd7 12. a5 Bh3 13. Ne1 Bxg2 14. Kxg2 d5 15. Nc2 Rad8 16. Ba3 dxc4 17. dxc4 Qe6 18. Bxe7 Rxd1 0-1

[Event "Late-Titled-Tuesday-Blitz-May-14-2024"]
[Site "Chess.com"]
[Date "2024.05.14"]
[Round "3"]
[White "SoCalJuniorChess"]
[Black "yaguigor"]
[Result "0-1"]
[WhiteElo "2231"]
[BlackElo "2557"]
[TimeControl "180+1"]
[EndTime "14:25:03 PDT"]
[Termination "yaguigor won by resignation"]

1. d4 d5 2. Nc3 Nf6 3. Bf4 a6 4. Nf3 b5 5. a4 b4 6. Nb1 e6 7. b3 c5 8. dxc5 Bxc5 9. e3 Nbd7 10. Nbd2 Bb7 11. Bd3 O-O 12. Qe2 Ne4 13. Bxe4 dxe4 14.
Ng5 e5 15. Qh5 Nf6 16. Qh4 exf4 17. exf4 e3 18. fxe3 Bxe3 19. O-O-O Qd4 20. Kb1 Bxd2 0-1

[Event "Late-Titled-Tuesday-Blitz-May-14-2024"]
[Site "Chess.com"]
[Date "2024.05.14"]
[Round "3"]
[White "miraitrunks"]
[Black "Slovak_fighter2000"]
[Result "0-1"]
[WhiteElo "2250"]
[BlackElo "2474"]
[TimeControl "180+1"]
[EndTime "14:25:08 PDT"]
[Termination "Slovak_fighter2000 won by resignation"]

1. e4 c5 2. Nf3 Nc6 3. d4 cxd4 4. Nxd4 g6 5. Nxc6 bxc6 6. Qd4 Nf6 7. e5 Nd5 8. Bc4 Qb6 9. Be3 Nxe3 10. fxe3 Bg7 11. O-O O-O 12. Qf4 d5 13. exd6 exd6 14. Bxf7+ Kh8 15.
Qxd6 Qxe3+ 16. Kh1 Ba6 17. c4 Rxf7 0-1

[Event "Late-Titled-Tuesday-Blitz-May-14-2024"]
[Site "Chess.com"]
[Date "2024.05.14"]
[Round "3"]
[White "adriangschnitzer"]
[Black "lukas_111111"]
[Result "1-0"]
[WhiteElo "2559"]
[BlackElo "2663"]
[TimeControl "180+1"]
[EndTime "14:25:09 PDT"]
[Termination "adriangschnitzer won by resignation"]

1. e4 c6 2. d4 d5 3. e5 Bf5 4.
Nf3 e6 5. Be2 h6 6. O-O Ne7 7.
Nbd2 Bh7 8. Nb3 Ng6 9. a4 Be7 10. a5 O-O 11. Be3 f6 12. exf6 Rxf6 13. c4 a6 14. Bd3 Nd7 15. Qc2 Qf8 16. Ne5 dxc4 17.
Bxg6 Bxg6 18. Nxg6 cxb3 19. Nxf8 bxc2 20. Nxd7 1-0

[Event "Late-Titled-Tuesday-Blitz-May-14-2024"]
[Site "Chess.com"]
[Date "2024.05.14"]
[Round "3"]
[White "northridgehawk"]
[Black "Lennis93"]
[Result "0-1"]
[WhiteElo "2353"]
[BlackElo "2701"]
[TimeControl "180+1"]
[EndTime "14:25:20 PDT"]
[Termination "Lennis93 won by resignation"]

1. e4 c6 2. Nc3 d5 3. Nf3 Bg4 4. h3 Bxf3 5. Qxf3 e6 6. d3 Nf6 7. Bd2 Bb4 8. O-O-O Nbd7 9. g4 O-O 10.
g5 Ne8 11. Qg3 d4 12. Ne2 Bxd2+ 13. Rxd2 e5 14. h4 Qa5 15. a3 b5 16. f4 b4 17.
Kd1 bxa3 18. bxa3 Rb8 19. Nc1 Rb1 20. Ke2 Rxc1 21. f5 Qxa3 22. f6 Qa1 23. fxg7 Nxg7 24. h5 Ne6 25. g6 fxg6 26. hxg6 Nf4+ 27. Kf3 Nxg6+ 28. Kg4 Rcxf1 0-1

[Event "Late-Titled-Tuesday-Blitz-May-14-2024"]
[Site "Chess.com"]
[Date "2024.05.14"]
[Round "3"]
[White "Dolphin_2010"]
[Black "David_ATM"]
[Result "1-0"]
[WhiteElo "2640"]
[BlackElo "2450"]
[TimeControl "180+1"]
[EndTime "14:25:25 PDT"]
[Termination "Dolphin_2010 won by resignation"]

1. d4 d5 2. c4 c6 3. Nc3 Nf6 4. cxd5 Nxd5 5. e4 Nxc3 6. bxc3 e5 7. Nf3 exd4 8. cxd4 Bg4 9. Be2 Bb4+ 10. Bd2 Bxf3 11.
Bxb4 Bxg2 12. Rg1 Bxe4 13. Rxg7 Bg6 14. Bg4 Qf6 15. Qe2+ Kd8 16. Qe5 Re8 17. Qxe8+ Kc7 18. Qc8+ Kb6 19. Bc5+ Ka6 20. Be2+ Ka5 21. Qxb7 1-0

[Event "Late-Titled-Tuesday-Blitz-May-14-2024"]
[Site "Chess.com"]
[Date "2024.05.14"]
[Round "3"]
[White "keepitcoming"]
[Black "StoreySniper"]
[Result "0-1"]
[WhiteElo "2206"]
[BlackElo "2441"]
[TimeControl "180+1"]
[EndTime "14:25:42 PDT"]
[Termination "StoreySniper won by resignation"]

1. d4 g6 2. c4 Bg7 3. Nc3 c5 4. d5 d6 5. e4 Nf6 6. Bd3 O-O 7. Nge2 e6 8. f3 exd5 9. cxd5 b6 10. O-O Ba6 11. Bg5 Bxd3 12. Qxd3 Nbd7 13. Ng3 a6 14. a4 Qc7 15. Rac1 Rfb8 16. b4 c4 17. Qd2 b5 18. axb5 axb5 19. Nge2 Ne5 20. Nd4 Nd3 21. Ra1 Nxd5 22. Ndxb5 Qb6+ 23. Kh1 Rxa1 24. Rxa1 Nf2+ 25. Kg1 Nxe4+ 0-1

[Event "Late-Titled-Tuesday-Blitz-May-14-2024"]
[Site "Chess.com"]
[Date "2024.05.14"]
[Round "3"]
[White "nabukatnezarr"]
[Black "geordie_derraugh"]
[Result "1-0"]
[WhiteElo "2627"]
[BlackElo "2432"]
[TimeControl "180+1"]
[EndTime "14:26:02 PDT"]
[Termination "nabukatnezarr won by resignation"]

1. b3 c5 2. Bb2 Nc6 3. e3 e5 4.
Bb5 d6 5. Nf3 Bd7 6. O-O g6 7.
d4 e4 8. Nfd2 cxd4 9. Nxe4 d5 10.
Bxc6 bxc6 11. Qxd4 f6 12. Nxf6+ Nxf6 13. Qxf6 Qxf6 14.
Bxf6 Rg8 15. Nd2 Kf7 16. Bb2 Bb4 17. Nf3 Be8 18. Ng5+ Ke7 19. Nxh7 g5 20. Nf6 Rf8 21. Nxe8 Raxe8 22. Rad1 Ke6 23. Rd4 Bc5 24. Rg4 Be7 25. e4 dxe4 26. Rxe4+ 1-0

[Event "Late-Titled-Tuesday-Blitz-May-14-2024"]
[Site "Chess.com"]
[Date "2024.05.14"]
[Round "3"]
[White "crushernt"]
[Black "patzer-reloaded"]
[Result "0-1"]
[WhiteElo "2066"]
[BlackElo "2386"]
[TimeControl "180+1"]
[EndTime "14:26:03 PDT"]
[Termination "patzer-reloaded won by resignation"]

1. e4 d6 2. d4 Nf6 3. Nc3 g6 4.
Nf3 Bg7 5. Be2 O-O 6. O-O Bg4 7. h3 Bxf3 8. Bxf3 e5 9. Re1 Nc6 10. d5 Ne7 11. Be3 Nd7 12. Bg5 f6 13.
Bh4 h5 14. Qd2 Kh7 15. Ne2 Bh6 16. Qd3 Bg5 17. Bg3 f5 18. exf5 Nxf5 19. Be4 Nc5 20. Qc4 b5 21. Qb4 a5 0-1

[Event "Late-Titled-Tuesday-Blitz-May-14-2024"]
[Site "Chess.com"]
[Date "2024.05.14"]
[Round "3"]
[White "maurovargas01"]
[Black "Kombinator01"]
[Result "0-1"]
[WhiteElo "1939"]
[BlackElo "2367"]
[TimeControl "180+1"]
[EndTime "14:26:06 PDT"]
[Termination "Kombinator01 won by checkmate"]

1. e4 e5 2. Nf3 Nf6 3. Bc4 Nxe4 4. Nxe5 d5 5. Bb3 c6 6. Qe2 Qe7 7. d4 Nd7 8. Nxd7 Bxd7 9. O-O O-O-O 10. Bf4 Qf6 11.
Bg3 h5 12. f3 Qxd4+ 13. Bf2 Nxf2 14. Qxf2 Bc5 15. Qxd4 Bxd4+ 16. Kh1 Bxb2 17. Nd2 Bxa1 18.
Rxa1 Rhe8 19. c4 Be6 20. cxd5 Bxd5 21. Nc4 Bxc4 22. Bxc4 f6 23. Rc1 Re5 24. f4 Rc5 25. Be6+ Kc7 26. Rxc5 Rd1# 0-1

[Event "Late-Titled-Tuesday-Blitz-May-14-2024"]
[Site "Chess.com"]
[Date "2024.05.14"]
[Round "3"]
[White "Hikaru"]
[Black "Timurist"]
[Result "1-0"]
[WhiteElo "3220"]
[BlackElo "2339"]
[TimeControl "180+1"]
[EndTime "14:26:08 PDT"]
[Termination "Hikaru won by resignation"]

1. h4 a5 2. h5 Ra6 3. e4 Rh6 4.
d4 Rb6 5. c4 d6 6. Nc3 Nf6 7. b3 h6 8. f3 e6 9. Be3 c5 10. dxc5 dxc5 11. Qxd8+ Kxd8 12. e5 Nfd7 13. f4 Nc6 14. Nf3 Nb4 15. O-O-O Kc7 16. a3 Nc6 17.
Nb5+ Rxb5 18. cxb5 Na7 19. a4 b6 20. f5 Bb7 21. Bf4 Nc8 22. Bc4 Be4 23. fxe6 fxe6 24.
Bxe6 Nb8 25. Rhe1 Bxf3 26. gxf3 Be7 27. Bf7 Bg5 28. Bxg5 hxg5 29. e6 Ne7 30. Re5 1-0

[Event "Late-Titled-Tuesday-Blitz-May-14-2024"]
[Site "Chess.com"]
[Date "2024.05.14"]
[Round "3"]
[White "Firouzja2003"]
[Black "aceontheturn"]
[Result "1-0"]
[WhiteElo "3182"]
[BlackElo "2808"]
[TimeControl "180+1"]
[EndTime "14:26:10 PDT"]
[Termination "Firouzja2003 won by resignation"]

1. e4 e5 2. Bc4 Nc6 3. Qf3 Nf6 4. Ne2 Be7 5. d3 Na5 6. Nbc3 O-O 7. h3 c6 8. Ng3 d5 9. exd5 b5 10. d6 Bxd6 11. Bb3 b4 12. Nce4 Nxe4 13. dxe4 Nxb3 14. axb3 a5 15. O-O g6 16. Bh6 Re8 17. Rfd1 Qe7 18. Nh5 Rd8 19. Nf6+ Kh8 20. Bg5 Qe6 21. Ng4 Re8 22.
Qf6+ Qxf6 23. Bxf6+ 1-0

[Event "Late-Titled-Tuesday-Blitz-May-14-2024"]
[Site "Chess.com"]
[Date "2024.05.14"]
[Round "3"]
[White "VelandiaSaurio"]
[Black "FuenfgegenWilly"]
[Result "0-1"]
[WhiteElo "2628"]
[BlackElo "2469"]
[TimeControl "180+1"]
[EndTime "14:26:11 PDT"]
[Termination "FuenfgegenWilly won by resignation"]

1. d4 d5 2. Nf3 Nc6 3. e3 Bf5 4. Bd3 Bxd3 5. Qxd3 Nf6 6. O-O e6 7. c4 dxc4 8. Qxc4 Qd5 9. Qe2 Qh5 10. Nc3 Bd6 11. e4 e5 12. d5 Nd8 13. Bg5 O-O 14. Bxf6 gxf6 15. Nb5 f5 16. Nxd6 cxd6 17. Rac1 fxe4 18.
Qxe4 f5 19. Qb4 Nf7 20. Qxb7 Kh8 21. Rc7 Rg8 22. Rxf7 Rxg2+ 23. Kxg2 Rg8+ 24. Rg7 Rxg7+ 25. Qxg7+ Kxg7 26. h3 e4 27. Nd4 Kf6 28. Ne6 f4 29.
f3 e3 30. Kh2 Qxd5 31. Nxf4 Qe5 32. Kg3 Qg5+ 0-1

[Event "Late-Titled-Tuesday-Blitz-May-14-2024"]
[Site "Chess.com"]
[Date "2024.05.14"]
[Round "3"]
[White "MITerryble"]
[Black "Ykow"]
[Result "1-0"]
[WhiteElo "3001"]
[BlackElo "2546"]
[TimeControl "180+1"]
[EndTime "14:26:24 PDT"]
[Termination "MITerryble won by resignation"]

1. e4 e5 2. Nf3 Nc6 3. c3 Nf6 4. d4 Nxe4 5. d5 Bc5 6. dxc6 Bxf2+ 7. Ke2 Bb6 8. Qd5 O-O 9. Qxe4 d5 10. Qh4 Qd6 11. Kd1 h6 12. Qg3 Re8 13. Be2 bxc6 14. Rf1 Bf5 15. Nh4 Bh7 16. Nf5 Bxf5 17. Rxf5 Rad8 18.
Nd2 Qe6 19. Bg4 e4 20. Nb3 d4 21. cxd4 Bxd4 22. Nxd4 Rxd4+ 23. Ke1 e3 24. Rf4 Qc4 25. Rxd4 Qxd4 26. Be2 Re5 27. a4 f5 28. Ra3 f4 29.
Qg6 Rc5 30. Qe8+ Kh7 31. Bd3+ 1-0

[Event "Late-Titled-Tuesday-Blitz-May-14-2024"]
[Site "Chess.com"]
[Date "2024.05.14"]
[Round "3"]
[White "ChadBiryani"]
[Black "VictorFcQNK"]
[Result "1-0"]
[WhiteElo "2550"]
[BlackElo "2129"]
[TimeControl "180+1"]
[EndTime "14:26:30 PDT"]
[Termination "ChadBiryani won by resignation"]

1. c4 Nf6 2. g3 g6 3. Bg2 Bg7 4. Nc3 O-O 5. d4 d6 6. h3 Nbd7 7. Nf3 c6 8. O-O Qc7 9. e4 e5 10. d5 a5 11. Be3 Nc5 12. Bxc5 dxc5 13. d6 Qb6 14. Na4 Qb4 15. Rc1 b5 16. cxb5 cxb5 17.
Nxc5 Qxb2 18. Qd3 Rd8 19. Rfd1 Qxa2 20. Rd2 1-0

[Event "Late-Titled-Tuesday-Blitz-May-14-2024"]
[Site "Chess.com"]
[Date "2024.05.14"]
[Round "3"]
[White "Veleamater"]
[Black "karinachess1"]
[Result "0-1"]
[WhiteElo "2443"]
[BlackElo "2632"]
[TimeControl "180+1"]
[EndTime "14:26:32 PDT"]
[Termination "karinachess1 won by checkmate"]

1. e4 e5 2. Nf3 Nc6 3. Bc4 Nf6 4. d3 h6 5. c3 d6 6. h3 g5 7. Be3 Bg7 8. Nbd2 O-O 9. O-O d5 10. Bb3 d4 11. cxd4 exd4 12. e5 Nh7 13. e6 Bxe6 14. Bxe6 fxe6 15. Qb3 dxe3 16. fxe3 Qd5 17. Qxb7 Ne5 18. Qa6 Nxd3 19. Nb3 Nxb2 20. Qe2 Qe4 21. Nfd2 Qd3 22. Qg4 Qxe3+ 23. Kh1 Nf6 24. Qb4 Nd3 25. Qa5 Nf2+ 26. Kh2 N6g4+ 27. hxg4 Be5+ 28. Kg1 Nh3+ 29. Kh1 Qg1+ 30. Rxg1 Nf2# 0-1

[Event "Late-Titled-Tuesday-Blitz-May-14-2024"]
[Site "Chess.com"]
[Date "2024.05.14"]
[Round "3"]
[White "stollenmonster"]
[Black "GrotBchess"]
[Result "0-1"]
[WhiteElo "2865"]
[BlackElo "2553"]
[TimeControl "180+1"]
[EndTime "14:26:35 PDT"]
[Termination "GrotBchess won by resignation"]

1. e4 c5 2. Nf3 e6 3. Be2 Nc6 4. c4 Nd4 5. Nxd4 cxd4 6. d3 e5 7.
O-O d6 8. f4 Nf6 9. Nd2 Be7 10.
Nf3 Qc7 11. Qe1 O-O 12. f5 b5 13. b3 a5 14. h3 a4 15. Bd2 axb3 16. axb3 Rxa1 17.
Qxa1 Bb7 18. g4 Ra8 19. Qe1 Nd7 20. g5 Nc5 21. b4 Nb3 22. f6 Bf8 23. fxg7 Bxg7 24.
Nh4 bxc4 25. Bh5 Rf8 26. Nf5 cxd3 27. Nh6+ Bxh6 28. gxh6 f6 29. Qg3+ Kh8 30. Bg5 Qe7 31. Kh2 fxg5 32. Rxf8+ Qxf8 33. Qxg5 Bxe4 0-1

[Event "Late-Titled-Tuesday-Blitz-May-14-2024"]
[Site "Chess.com"]
[Date "2024.05.14"]
[Round "3"]
[White "Flawless_Fighter"]
[Black "Slovineanu"]
[Result "1-0"]
[WhiteElo "2673"]
[BlackElo "2476"]
[TimeControl "180+1"]
[EndTime "14:26:39 PDT"]
[Termination "Flawless_Fighter won by resignation"]

1. e4 c6 2. d4 d5 3. exd5 cxd5 4. Bd3 Nc6 5. c3 Nf6 6. Bf4 Bg4 7. Qb3 Qd7 8. Nd2 e6 9. Ngf3 Bxf3 10. Nxf3 Bd6 11. Bxd6 Qxd6 12. O-O O-O 13. Rfe1 Qc7 14. Ne5 Nxe5 15.
Rxe5 a6 16. a4 Rab8 17. a5 b5 18. axb6 Rxb6 19. Qa3 Ra8 20. h3 g6 21. Qa5 Qb7 22.
b4 Nd7 23. Re2 Nb8 24. b5 Ra7 25. Rea2 Kg7 26. Qb4 Qc7 27. Qc5 Rbb7 28. Qxc7 Rxc7 29. b6 1-0

[Event "Late-Titled-Tuesday-Blitz-May-14-2024"]
[Site "Chess.com"]
[Date "2024.05.14"]
[Round "3"]
[White "Supergiuly"]
[Black "Sinquefield"]
[Result "0-1"]
[WhiteElo "2340"]
[BlackElo "2578"]
[TimeControl "180+1"]
[EndTime "14:26:42 PDT"]
[Termination "Sinquefield won by resignation"]

1. e4 e6 2. e5 d5 3. exd6 cxd6 4. d4 d5 5. Nf3 Nf6 6. Bd3 Nc6 7. c3 Bd6 8. O-O O-O 9. Re1 a6 10. Ne5 Bxe5 11.
dxe5 Nd7 12. Bf4 b5 13. Re3 f5 14. exf6 Qxf6 15. Qh5 g6 16. Qg4 Qxf4 17. Qxe6+ Qf7 18.
Nd2 Qxe6 19. Rxe6 Nce5 20. Be2 Nc4 21. Nxc4 dxc4 22. Bf3 Rb8 23. Bd5 Kh8 24. Bc6 Nc5 25. Re7 Nd3 26. a4 b4 27. cxb4 Rxb4 28. Rc1 Nxc1 0-1

[Event "Late-Titled-Tuesday-Blitz-May-14-2024"]
[Site "Chess.com"]
[Date "2024.05.14"]
[Round "3"]
[White "OIAM03"]
[Black "KebabJangles"]
[Result "1-0"]
[WhiteElo "1970"]
[BlackElo "2352"]
[TimeControl "180+1"]
[EndTime "14:26:47 PDT"]
[Termination "OIAM03 won by resignation"]

1. e4 c5 2. c3 Nf6 3. e5 Nd5 4. d4 e6 5. Nf3 Nc6 6. c4 Nb6 7. d5 Ne7 8. Nc3 Ng6 9. dxe6 fxe6 10. Bg5 Be7 11. Bxe7 Qxe7 12. Bd3 Nf4 13. O-O O-O 14. Ne4 a5 15. Nd6 Ra6 16. Be4 Ra7 17. b3 a4 18. Rc1 g5 19. Nd2 Qg7 20. g3 Ng6 21. Bxg6 Qxg6 22. N2e4 Na8 23. Nf6+ Kg7 24. Nxc8 1-0

[Event "Late-Titled-Tuesday-Blitz-May-14-2024"]
[Site "Chess.com"]
[Date "2024.05.14"]
[Round "3"]
[White "Maikrosoft63"]
[Black "MusicCityMaster"]
[Result "0-1"]
[WhiteElo "2610"]
[BlackElo "2455"]
[TimeControl "180+1"]
[EndTime "14:26:50 PDT"]
[Termination "MusicCityMaster won by resignation"]

1. e4 e6 2. d4 d5 3. Nd2 Nc6 4.
Ngf3 Nf6 5. e5 Nd7 6. Be2 f6 7. exf6 Qxf6 8. Nf1 Bd6 9. Ne3 O-O 10. O-O Kh8 11.
c4 dxc4 12. Bxc4 Nb6 13. Bd3 e5 14. dxe5 Nxe5 15. Nxe5 Qxe5 16. g3 Bh3 17. Re1 Qf6 18. Qc2 Rae8 19. Bxh7 Qf3 20. b3 Rxe3 0-1

[Event "Late-Titled-Tuesday-Blitz-May-14-2024"]
[Site "Chess.com"]
[Date "2024.05.14"]
[Round "3"]
[White "Josetricks"]
[Black "cthake"]
[Result "1-0"]
[WhiteElo "2443"]
[BlackElo "1858"]
[TimeControl "180+1"]
[EndTime "14:26:51 PDT"]
[Termination "Josetricks won by checkmate"]

1. d4 Nf6 2. Nc3 g6 3. e4 d6 4. Be3 Bg7 5. Qd2 c6 6. f3 O-O 7.
h4 h5 8. Nh3 b5 9. Ng5 b4 10. Ne2 a5 11. O-O-O Ba6 12. Nf4 Bxf1 13. Rhxf1 Qc7 14. Nd3 Nbd7 15. Bf4 Rfc8 16. e5 Nd5 17. e6 fxe6 18. Nxe6 Qb6 19. Nxg7 Kxg7 20. Bh6+ Kh7 21. Be3 N7f6 22. Rfe1 Nxe3 23. Rxe3 Ra7 24. Rde1 Rcc7 25. Nf4 Nd5 26. Re6 Nf6 27. Qd3 c5 28. Qxg6+ Kh8 29. Rxf6 exf6 30. Re8# 1-0

[Event "Late-Titled-Tuesday-Blitz-May-14-2024"]
[Site "Chess.com"]
[Date "2024.05.14"]
[Round "3"]
[White "Hirna2005"]
[Black "Roberz12"]
[Result "0-1"]
[WhiteElo "2319"]
[BlackElo "2575"]
[TimeControl "180+1"]
[EndTime "14:26:53 PDT"]
[Termination "Roberz12 won by resignation"]

1. e4 e6 2. d4 d5 3. e5 c5 4. c3 Nc6 5. Be3 Nge7 6. Nf3 Nf5 7.
Qd2 a6 8. Bd3 Nxe3 9. fxe3 b5 10.
O-O Bb7 11. a4 b4 12. c4 cxd4 13. exd4 dxc4 14. Bxc4 Na5 15. b3 Be7 16. Qd3 O-O 17.
Nbd2 Rc8 18. Kh1 Qb6 19. Rac1 Rfd8 20. Qe3 Nxc4 21. Nxc4 Qa7 22. Qf4 Bd5 23. Ne3 Bxf3 24. Rxf3 Rxc1+ 0-1

[Event "Late-Titled-Tuesday-Blitz-May-14-2024"]
[Site "Chess.com"]
[Date "2024.05.14"]
[Round "3"]
[White "Mops_2004"]
[Black "jbking07"]
[Result "1-0"]
[WhiteElo "2830"]
[BlackElo "2397"]
[TimeControl "180+1"]
[EndTime "14:26:54 PDT"]
[Termination "Mops_2004 won by resignation"]

1. g3 e6 2. Bg2 Nf6 3. Nf3 d5 4. O-O Be7 5. c4 O-O 6. d4 c6 7.
Qc2 Nbd7 8. Nbd2 b5 9. c5 a5 10. e4 Nxe4 11. Nxe4 dxe4 12. Qxe4 Bb7 13. Rd1 Nf6 14.
Qc2 Nd5 15. h4 h6 16. Ne5 a4 17.
a3 Rc8 18. Qe2 Bf6 19. Bd2 Qe7 20. Ba5 Ra8 21. Be1 Rfd8 22. Rac1 Rdc8 23. Ng4 h5 24. Nxf6+ Nxf6 25. Bd2 g6 26. Bg5 Kg7 27. Qf3 Rd8 28. Qf4 Rd5 29. Bxd5 1-0

[Event "Late-Titled-Tuesday-Blitz-May-14-2024"]
[Site "Chess.com"]
[Date "2024.05.14"]
[Round "3"]
[White "GMBenjaminBok"]
[Black "volcanoexplorer"]
[Result "1-0"]
[WhiteElo "3031"]
[BlackElo "2716"]
[TimeControl "180+1"]
[EndTime "14:26:58 PDT"]
[Termination "GMBenjaminBok won by resignation"]

1. d4 d5 2. c4 e6 3. Nc3 Bb4 4. a3 Bxc3+ 5. bxc3 Nf6 6. e3 c6 7. Nf3 O-O 8. a4 b6 9. Ba3 Re8 10. cxd5 cxd5 11. Bb5 Bd7 12. Bd3 Nc6 13. O-O Ne4 14.
c4 Na5 15. Ne5 f6 16. cxd5 exd5 17. Nxd7 Qxd7 18. Bb5 Nc6 19. Rc1 Rec8 20. Qc2 Nd6 21. Bxc6 Qe6 22. Qb3 Nc4 23. Bxa8 1-0

[Event "Late-Titled-Tuesday-Blitz-May-14-2024"]
[Site "Chess.com"]
[Date "2024.05.14"]
[Round "3"]
[White "MeesvanOsch"]
[Black "azikom"]
[Result "0-1"]
[WhiteElo "2346"]
[BlackElo "2697"]
[TimeControl "180+1"]
[EndTime "14:26:58 PDT"]
[Termination "azikom won by resignation"]

1. e4 c6 2. Nc3 d5 3. d4 dxe4 4. Nxe4 Bf5 5. Ng3 Bg6 6. h4 h6 7.
h5 Bh7 8. Bd3 Bxd3 9. Qxd3 e6 10. Bf4 Qa5+ 11. Bd2 Qa6 12. Qxa6 Nxa6 13. O-O-O Nf6 14.
Nf3 Nb4 15. Bxb4 Bxb4 16. Ne5 Rd8 17. c3 Bd6 18. Rhe1 O-O 19. a4 c5 20. Ne4 cxd4 21.
cxd4 Nxh5 22. g3 Nf6 23. Nxf6+ gxf6 24. Ng4 f5 25. Ne3 f4 26. gxf4 Bxf4 27. Kc2 Kh7 28.
Kd3 Rg8 29. Rg1 Rxg1 30. Rxg1 Be5 31. Rg4 f5 32. Rh4 Bf6 33. Rf4 Kg6 34. Nc4 h5 35. Ke3 Bg5 36. Ne5+ 0-1